TOP OF THE 1ST |
Trois-Riveres Aigles batting - Pitching for New Jersey Devils : RHP Dan Mathews
|
Pitching: RHP Dan Mathews
|
|
Batting: RHB Wan-ling Zhu
|
0-0: Ball 1-0: Ball 2-0: Called Strike 2-1: Called Strike 2-2: Strikes out looking
|
Batting: SHB Luis Verduzco
|
0-0: Ball 1-0: SINGLE (Groundball, 34S, EV 76.2 MPH) (infield hit)
|
Batting: RHB Alex Koral
|
0-0: Fly out, F9 (Line Drive, 89M, EV 94.4 MPH)
|
Batting: RHB Jason Penfield
|
0-0: Ball 1-0: SINGLE (Flyball, 8LS, EV 99.4 MPH) Luis Verduzco to second
|
Batting: SHB Omar Cervantes
|
0-0: Called Strike 0-1: Swinging Strike 0-2: Foul Ball, location: 2F 0-2: Strikes out swinging
|
Top of the 1st over - 0 runs, 2 hits, 0 errors, 2 left on base; Trois-Riveres 0 - New Jersey 0 |
BOTTOM OF THE 1ST |
New Jersey Devils batting - Pitching for Trois-Riveres Aigles : RHP Jesus Valdivia
|
Pitching: RHP Jesus Valdivia
|
|
Batting: RHB Sam Callahan
|
0-0: Foul Ball, location: 2F 0-1: SINGLE (Groundball, 34D, EV 95.6 MPH)
|
Batting: RHB Eric Zylstra
|
0-0: Ball 1-0: Ball 2-0: Ball 3-0: Called Strike 3-1: Base on Balls Sam Callahan to second
|
Batting: RHB Bill Crogan
|
0-0: Ball 1-0: Ball 2-0: Ball 3-0: Base on Balls Sam Callahan to third Eric Zylstra to second
|
Batting: RHB Nate Henderson
|
0-0: Ball 1-0: Swinging Strike 1-1: Called Strike 1-2: Strikes out swinging
|
Batting: RHB Juan Medina
|
0-0: Foul Ball, location: 2F 0-1: Called Strike 0-2: Foul Ball, location: 2F 0-2: Strikes out looking
|
Batting: RHB Mark Paddock
|
0-0: Called Strike 0-1: Foul Ball, location: 2F 0-2: Strikes out swinging
|
Bottom of the 1st over - 0 runs, 1 hit, 0 errors, 3 left on base; Trois-Riveres 0 - New Jersey 0 |
TOP OF THE 2ND |
Trois-Riveres Aigles batting - Pitching for New Jersey Devils : RHP Dan Mathews
|
Batting: RHB Alex Zamora
|
0-0: Ball 1-0: Ball 2-0: SINGLE (Groundball, 34D, EV 102.5 MPH)
|
Batting: RHB Tim Dower
|
0-0: Called Strike 0-1: Ball 1-1: Swinging Strike 1-2: Ball 2-2: Strikes out looking
|
Batting: RHB Bogumil Filipowski
|
0-0: Ball 1-0: Ball 2-0: Called Strike 2-1: Ball Wild Pitch! Alex Zamora to second 3-1: Base on Balls
|
Batting: RHB Dave Galloway
|
0-0: Ball 1-0: Foul Ball, location: 2F 1-1: Called Strike 1-2: Fly out, F9 (Flyball, 9D, EV 99.4 MPH) Runner from 2nd tags up, SAFE at 3rd, no throw by RF
|
Batting: RHB Wan-ling Zhu
|
0-0: Ground out 4-3 (Groundball, 13, EV 81.2 MPH)
|
Top of the 2nd over - 0 runs, 1 hit, 0 errors, 2 left on base; Trois-Riveres 0 - New Jersey 0 |
BOTTOM OF THE 2ND |
New Jersey Devils batting - Pitching for Trois-Riveres Aigles : RHP Jesus Valdivia
|
Batting: LHB Brad Guffin
|
0-0: Swinging Strike 0-1: Ball 1-1: Called Strike 1-2: Strikes out swinging
|
Batting: RHB Justin Williams
|
0-0: Ball 1-0: Ball 2-0: Ball 3-0: Called Strike 3-1: Foul Ball, location: 2F 3-2: Fly out, F9 (Flyball, 9D, EV 94.4 MPH)
|
Batting: RHB Emanuel Anochondo
|
0-0: Called Strike 0-1: Called Strike 0-2: Fly out, F8 (Line Drive, 78M, EV 100.0 MPH)
|
Bottom of the 2nd over - 0 runs, 0 hits, 0 errors, 0 left on base; Trois-Riveres 0 - New Jersey 0 |
TOP OF THE 3RD |
Trois-Riveres Aigles batting - Pitching for New Jersey Devils : RHP Dan Mathews
|
Batting: SHB Luis Verduzco
|
0-0: Ball 1-0: Ground out 4-3 (Groundball, 4, EV 78.8 MPH)
|
Batting: RHB Alex Koral
|
0-0: Foul Ball, location: 2F 0-1: Called Strike 0-2: Ball 1-2: Strikes out looking
|
Batting: RHB Jason Penfield
|
0-0: Called Strike 0-1: SINGLE (Line Drive, 78M, EV 88.8 MPH)
|
Batting: SHB Omar Cervantes
|
0-0: Fly out, F8 (Flyball, 8LXD, EV 101.2 MPH)
|
Top of the 3rd over - 0 runs, 1 hit, 0 errors, 1 left on base; Trois-Riveres 0 - New Jersey 0 |
BOTTOM OF THE 3RD |
New Jersey Devils batting - Pitching for Trois-Riveres Aigles : RHP Jesus Valdivia
|
Batting: RHB Sam Callahan
|
0-0: Called Strike 0-1: Hit by Pitch
|
Batting: RHB Eric Zylstra
|
0-0: Ball 1-0: Ball 2-0: Ball 3-0: Base on Balls Sam Callahan to second
|
Batting: RHB Bill Crogan
|
0-0: Ball 1-0: Ball 2-0: Ball 3-0: Base on Balls Sam Callahan to third Eric Zylstra to second
|
Batting: RHB Nate Henderson
|
0-0: Ball 1-0: Swinging Strike 1-1: Foul Ball, location: 2F 1-2: Foul Ball, location: 2F 1-2: Strikes out swinging
|
Batting: RHB Juan Medina
|
0-0: Ball 1-0: Ball 2-0: Ground out 5-3 (Groundball, 56S, EV 71.2 MPH) Sam Callahan scores Eric Zylstra to third Bill Crogan to second
|
Batting: RHB Mark Paddock
|
0-0: Swinging Strike 0-1: Foul Ball, location: 2F 0-2: Strikes out swinging
|
Bottom of the 3rd over - 1 run, 0 hits, 0 errors, 2 left on base; Trois-Riveres 0 - New Jersey 1 |
TOP OF THE 4TH |
Trois-Riveres Aigles batting - Pitching for New Jersey Devils : RHP Dan Mathews
|
Batting: RHB Alex Zamora
|
0-0: Called Strike 0-1: Ground out 6-3 (Groundball, 6, EV 106.2 MPH)
|
Batting: RHB Tim Dower
|
0-0: Called Strike 0-1: Ball 1-1: Ball 2-1: Ground out 6-3 (Groundball, 6, EV 77.5 MPH)
|
Batting: RHB Bogumil Filipowski
|
0-0: Foul Ball, location: 2F 0-1: Called Strike 0-2: Strikes out swinging
|
Top of the 4th over - 0 runs, 0 hits, 0 errors, 0 left on base; Trois-Riveres 0 - New Jersey 1 |
BOTTOM OF THE 4TH |
New Jersey Devils batting - Pitching for Trois-Riveres Aigles : RHP Jesus Valdivia
|
Batting: LHB Brad Guffin
|
0-0: Ball 1-0: Swinging Strike 1-1: Fly out, F8 (Flyball, 8LS, EV 81.9 MPH)
|
Batting: RHB Justin Williams
|
0-0: Ground out 6-3 (Groundball, 6, EV 104.4 MPH)
|
Batting: RHB Emanuel Anochondo
|
0-0: Foul Ball, location: 2F 0-1: Foul Ball, location: 2F 0-2: Strikes out swinging
|
Bottom of the 4th over - 0 runs, 0 hits, 0 errors, 0 left on base; Trois-Riveres 0 - New Jersey 1 |
TOP OF THE 5TH |
Trois-Riveres Aigles batting - Pitching for New Jersey Devils : RHP Dan Mathews
|
Batting: RHB Dave Galloway
|
0-0: Foul Ball, location: 2F 0-1: Ball 1-1: Ball 2-1: Ball 3-1: Base on Balls
|
Batting: RHB Wan-ling Zhu
|
0-0: Fly out, F4 (Popup, 34, EV 56.9 MPH)
|
Batting: SHB Luis Verduzco
|
0-0: Ball 1-0: Ball 2-0: Ball 3-0: Called Strike 3-1: Fly out, F6 (Popup, 6, EV 59.4 MPH)
|
Batting: RHB Alex Koral
|
0-0: Called Strike 0-1: Foul Ball, location: 2F 0-2: Foul Ball, location: 2F 0-2: Foul Ball, location: 2F 0-2: Ball 1-2: Foul Ball, location: 2F 1-2: Ball 2-2: DOUBLE (Line Drive, 9LM, EV 111.2 MPH) Dave Galloway to third Runner from 3rd tries for Home, SAFE, throw by RF to home
|
Batting: RHB Jason Penfield
|
0-0: Swinging Strike 0-1: Swinging Strike 0-2: Ball 1-2: SINGLE (Line Drive, 7S, EV 94.4 MPH) Alex Koral to third Runner from 3rd tries for Home, SAFE, throw by LF to home
|
Batting: SHB Omar Cervantes
|
0-0: Ball Wild Pitch! Jason Penfield to second 1-0: Called Strike 1-1: Ball 2-1: Fly out, F7 (Flyball, 7S, EV 91.2 MPH)
|
Top of the 5th over - 2 runs, 2 hits, 0 errors, 1 left on base; Trois-Riveres 2 - New Jersey 1 |
BOTTOM OF THE 5TH |
New Jersey Devils batting - Pitching for Trois-Riveres Aigles : RHP Jesus Valdivia
|
Batting: RHB Sam Callahan
|
0-0: Ball 1-0: Ball 2-0: Called Strike 2-1: Swinging Strike 2-2: Ball 3-2: Base on Balls
|
Batting: RHB Eric Zylstra
|
0-0: Called Strike 0-1: Ball 1-1: Ball 2-1: Ball Sam Callahan is caught stealing 2nd base 2-4 3-1: Base on Balls
|
Batting: RHB Bill Crogan
|
0-0: Ball 1-0: Ball 2-0: Ball 3-0: Called Strike 3-1: Called Strike 3-2: Foul Ball, location: 2F 3-2: Fielders Choice at 2nd, 6-4 (Groundball, 56, EV 92.5 MPH)
|
Batting: RHB Nate Henderson
|
0-0: Ball 1-0: Foul Ball, location: 2F 1-1: Called Strike 1-2: Strikes out looking
|
Bottom of the 5th over - 0 runs, 0 hits, 0 errors, 1 left on base; Trois-Riveres 2 - New Jersey 1 |
TOP OF THE 6TH |
Trois-Riveres Aigles batting - Pitching for New Jersey Devils : RHP Dan Mathews
|
Batting: RHB Alex Zamora
|
0-0: Called Strike 0-1: Ball 1-1: Ground out 4-3 (Groundball, 4, EV 109.4 MPH)
|
Batting: RHB Tim Dower
|
0-0: Ball 1-0: Ball 2-0: Called Strike 2-1: Called Strike 2-2: Strikes out swinging
|
Batting: RHB Bogumil Filipowski
|
0-0: Called Strike 0-1: Called Strike 0-2: Strikes out swinging
|
Top of the 6th over - 0 runs, 0 hits, 0 errors, 0 left on base; Trois-Riveres 2 - New Jersey 1 |
BOTTOM OF THE 6TH |
New Jersey Devils batting - Pitching for Trois-Riveres Aigles : RHP Jesus Valdivia
|
Batting: RHB Juan Medina
|
0-0: Foul Ball, location: 2F 0-1: Ball 1-1: Fly out, F8 (Line Drive, 8RD, EV 88.8 MPH)
|
Batting: RHB Mark Paddock
|
0-0: Ground out 4-3 (Groundball, 34D, EV 105.0 MPH)
|
Batting: LHB Brad Guffin
|
0-0: Foul Ball, location: 2F 0-1: Called Strike 0-2: Strikes out looking
|
Bottom of the 6th over - 0 runs, 0 hits, 0 errors, 0 left on base; Trois-Riveres 2 - New Jersey 1 |
TOP OF THE 7TH |
Trois-Riveres Aigles batting - Pitching for New Jersey Devils : RHP Dan Mathews
|
Pitching: LHP Jesus Espitia
|
|
Batting: RHB Dave Galloway
|
0-0: Called Strike 0-1: Swinging Strike 0-2: Foul Ball, location: 2F 0-2: Strikes out looking
|
Batting: RHB Wan-ling Zhu
|
0-0: Called Strike 0-1: Called Strike 0-2: Ball 1-2: Reaches on Catchers interference
|
Batting: SHB Luis Verduzco
|
0-0: Called Strike 0-1: SINGLE (Groundball, 4MD, EV 94.4 MPH) Wan-ling Zhu to second
|
Batting: RHB Alex Koral
|
0-0: Foul Ball, location: 2F 0-1: Foul Ball, location: 2F 0-2: SINGLE (Line Drive, 8LS, EV 102.5 MPH) Wan-ling Zhu to third Luis Verduzco to second
|
Batting: RHB Jason Penfield
|
0-0: SINGLE (Line Drive, 8LS, EV 96.9 MPH) Wan-ling Zhu scores Luis Verduzco to third Alex Koral to second Throwing error, E8 Luis Verduzco scores Alex Koral to third Jason Penfield to second
|
Batting: SHB Omar Cervantes
|
0-0: Foul Ball, location: 2F 0-1: Swinging Strike 0-2: Ball 1-2: Ball 2-2: Ball 3-2: Foul Ball, location: 2F 3-2: Fly out, F7 (Flyball, 7, EV 83.1 MPH) Runner from 3rd tags up, SCORES, throw by LF
|
Batting: RHB Alex Zamora
|
0-0: Ball 1-0: Foul Ball, location: 2F 1-1: Ball 2-1: Ground out 6-3 (Groundball, 6S, EV 86.9 MPH)
|
Top of the 7th over - 3 runs, 3 hits, 2 errors, 1 left on base; Trois-Riveres 5 - New Jersey 1 |
BOTTOM OF THE 7TH |
New Jersey Devils batting - Pitching for Trois-Riveres Aigles : RHP Jesus Valdivia
|
Batting: RHB Justin Williams
|
0-0: Called Strike 0-1: Swinging Strike 0-2: Strikes out swinging
|
Batting: RHB Emanuel Anochondo
|
0-0: Called Strike 0-1: Called Strike 0-2: Strikes out swinging, 2-3 out at first.
|
Batting: RHB Sam Callahan
|
0-0: Ball 1-0: Foul Ball, location: 2F 1-1: Ball 2-1: Foul Ball, location: 2F 2-2: Foul Ball, location: 2F 2-2: Ball 3-2: Foul Ball, location: 2F 3-2: Foul Ball, location: 2F 3-2: Base on Balls
|
Pitching: RHP Matt Wicker
|
|
Batting: RHB Eric Zylstra
|
0-0: Called Strike Sam Callahan is caught stealing 2nd base 2-4
|
Bottom of the 7th over - 0 runs, 0 hits, 0 errors, 0 left on base; Trois-Riveres 5 - New Jersey 1 |
TOP OF THE 8TH |
Trois-Riveres Aigles batting - Pitching for New Jersey Devils : LHP Jesus Espitia
|
Pitching: LHP Bryce Anderson
|
|
Batting: RHB Tim Dower
|
0-0: Called Strike 0-1: Ball 1-1: Ground out 4-3 (Groundball, 4S, EV 85.6 MPH)
|
Batting: RHB Bogumil Filipowski
|
0-0: Ball 1-0: Ball 2-0: Foul Ball, location: 2F 2-1: Fly out, F6 (Popup, 15, EV 72.5 MPH)
|
Batting: RHB Dave Galloway
|
0-0: Foul Ball, location: 2F 0-1: Swinging Strike 0-2: Ball 1-2: Ball 2-2: Ball 3-2: Foul Ball, location: 2F 3-2: Foul Ball, location: 2F 3-2: Strikes out swinging
|
Top of the 8th over - 0 runs, 0 hits, 0 errors, 0 left on base; Trois-Riveres 5 - New Jersey 1 |
BOTTOM OF THE 8TH |
New Jersey Devils batting - Pitching for Trois-Riveres Aigles : RHP Matt Wicker
|
Batting: RHB Eric Zylstra
|
0-0: Called Strike 0-1: Fly out, F8 (Flyball, 8RS, EV 87.5 MPH)
|
Batting: RHB Bill Crogan
|
0-0: Ball 1-0: Ball 2-0: Ball 3-0: Called Strike 3-1: Foul Ball, location: 2F 3-2: Strikes out looking
|
Batting: RHB Nate Henderson
|
0-0: Called Strike 0-1: Swinging Strike 0-2: Ball 1-2: Foul Ball, location: 2F 1-2: Ground out U3 (Groundball, 34, EV 103.8 MPH)
|
Bottom of the 8th over - 0 runs, 0 hits, 0 errors, 0 left on base; Trois-Riveres 5 - New Jersey 1 |
TOP OF THE 9TH |
Trois-Riveres Aigles batting - Pitching for New Jersey Devils : LHP Bryce Anderson
|
Batting: RHB Wan-ling Zhu
|
0-0: Ball 1-0: Ball 2-0: Foul Ball, location: 2F 2-1: Foul Ball, location: 2F 2-2: Foul Ball, location: 2F 2-2: Ball 3-2: Ground out U3 (Groundball, 34S, EV 64.4 MPH)
|
Batting: SHB Luis Verduzco
|
0-0: Ground out 3-1 (Groundball, 34, EV 80.0 MPH)
|
Batting: RHB Alex Koral
|
0-0: Called Strike 0-1: Ball 1-1: SINGLE (Flyball, 9S, EV 86.2 MPH)
|
Batting: RHB Jason Penfield
|
0-0: Ball 1-0: Ball 2-0: Ball 3-0: Base on Balls Alex Koral to second
|
Batting: SHB Omar Cervantes
|
0-0: Foul Ball, location: 2F 0-1: Ball 1-1: Fly out, F9 (Flyball, 9LS, EV 92.5 MPH)
|
Top of the 9th over - 0 runs, 1 hit, 0 errors, 2 left on base; Trois-Riveres 5 - New Jersey 1 |
BOTTOM OF THE 9TH |
New Jersey Devils batting - Pitching for Trois-Riveres Aigles : RHP Matt Wicker
|
Batting: RHB Juan Medina
|
0-0: Ball 1-0: Called Strike 1-1: Ball 2-1: Swinging Strike 2-2: Strikes out swinging
|
Batting: RHB Mark Paddock
|
0-0: Called Strike 0-1: Ball 1-1: Foul Ball, location: 2F 1-2: Ball 2-2: Strikes out swinging
|
Batting: LHB Brad Guffin
|
0-0: Ground out 4-3 (Groundball, 34, EV 82.5 MPH)
|
Bottom of the 9th over - 0 runs, 0 hits, 0 errors, 0 left on base; Trois-Riveres 5 - New Jersey 1 |
|